 Dungeon Crawl Stone Soup version 0.30-a0-394-g3e4acdb0ae (webtiles) character file.

Game seed: 7952114057835338958

118 qeuew the Sneak (level 4, -11/21 HPs)
             Began as a Spriggan Enchanter on Dec 6, 2022.
             Killed by divine providence
             ... invoked by an orc priest
              (15 damage)
             ... on level 3 of the Dungeon.
             The game lasted 00:03:19 (1625 turns).

qeuew the Sneak (Spriggan Enchanter)                Turns: 1625, Time: 00:03:24

Health: -11/21     AC:  2    Str:  4    XL:     4   Next: 72%
Magic:  10/10      EV: 18    Int: 16    God:
Gold:   76         SH:  0    Dex: 17    Spells: 7/9 levels left

rFire   . . .      SeeInvis +    a - +2 dagger
rCold   . . .      Faith    .    (no shield)
rNeg    . . .      Spirit   .    b - +0 robe
rPois   .          Reflect  .    (helmet restricted)
rElec   .          Harm     .    (no cloak)
rCorr   .          Rampage  .    (gloves unavailable)
Will    .....                    (boots unavailable)
Stlth   +++.......               (no amulet)
HPRegen 0.23/turn                (no ring)
MPRegen 0.12/turn                (no ring)

@: very quick
A: very small, no large weapons, unfitting armour, see invisible, speed 3
a: no special abilities


You were on level 3 of the Dungeon.
You visited 1 branch of the dungeon, and saw 3 of its levels.

You collected 76 gold pieces.

Inventory:

Hand Weapons
 a - a +2 dagger (weapon)
Missiles
 k - 6 boomerangs of dispersal
Armour
 b - a +0 robe (worn)
Scrolls
 c - a scroll of acquirement
 h - a scroll of enchant weapon
Potions
 d - 2 potions of curing
 f - a potion of invisibility
 g - a potion of flight
 i - 2 potions of heal wounds


   Skills:
 + Level 2.1 Short Blades
 + Level 3.6 Dodging
 * Level 6.1 Stealth
 + Level 3.4 Spellcasting
 + Level 4.3 Hexes


You had 7 spell levels left.
You knew the following spells:

 Your Spells              Type           Power      Damage    Failure   Level
a - Ensorcelled Hibernat  Hex/Ice        18%        N/A       11%         2

Your spell library contained the following spells:

 Spells                   Type           Power      Damage    Failure   Level
 Confusing Touch          Hex            16%        N/A       9%          3
 Tukima's Dance           Hex            16%        N/A       9%          3
 Summon Small Mammal      Summ           8%         N/A       19%         1
 Dazzling Flash           Conj/Hex       18%        N/A       22%         3
 Summon Guardian Golem    Hex/Summ       9%         N/A       22%         3
 Call Canine Familiar     Summ           2%         N/A       47%         3


Dungeon Overview and Level Annotations

Branches:
Dungeon (3/15)

Altars:


Innate Abilities, Weirdness & Mutations

You are very small and have problems with some larger weapons.
You are too small for most types of armour.
You have supernaturally acute eyesight. (SInv)
You cover ground extremely quickly. (Speed+++)


Message History

The orc hits you with a +0 short sword.
You are too injured to fight recklessly!
You are too injured to fight recklessly!
You are too injured to fight recklessly!
There are monsters nearby!
You are too injured to fight recklessly!
You closely miss the orc.
The orc is heavily wounded.
The orc hits you but does no damage.
You hit the orc but do no damage.
The orc is heavily wounded.
The orc barely misses you.
You closely miss the orc.
The orc is heavily wounded.
The orc barely misses you.
You hit the orc but do no damage.
The orc is heavily wounded.
You hit the orc.
You kill the orc!
You hit the orc.
The orc is almost dead.
The orc closely misses you.
You hit the orc.
You kill the orc!
An orc priest comes into view. It is wielding a +0 short sword.
You hit the orc.
The orc is lightly wounded.
The orc misses you.
You hit the orc.
The orc is heavily wounded.
The orc hits you with a +0 club.
* * * LOW HITPOINT WARNING * * *
You hit the orc.
The orc is almost dead.
The orc hits you with a +0 club.
* * * LOW HITPOINT WARNING * * *
The orc priest calls down the wrath of Beogh upon you.
Beogh smites you!
Ouch! That really hurt!
You die...

##...#..........###
#######..######..##
#.# #..........)#
#.####...#####...#
#.......# #.....
##...##.# #..##+ #
##<####...# ####
#..#.###.+.⌠...
#..@oo.#......
#####.####.(..> #
#...


You could see an orc priest and an orc.

Vanquished Creatures
  4 adders
  A worm (D:2)
  3 dart slugs
  4 orcs (D:3)
  7 endoplasms
  3 giant cockroaches (D:2)
  7 goblins
  6 hobgoblins
  10 jackals
  2 kobolds
  A ball python (D:1)
  7 bats
  4 frilled lizards
  5 rats
64 creatures vanquished.

Notes
Turn   | Place    | Note
-------+----------+-------------------------------------------
     0 | D:1      | qeuew the Spriggan Enchanter began the quest for the Orb.
     0 | D:1      | Reached XP level 1. HP: 9/9 MP: 5/5
   122 | D:1      | Reached XP level 2. HP: 13/13 MP: 6/6
   137 | D:1      | Learned a level 2 spell: Ensorcelled Hibernation
   327 | D:1      | Reached skill level 5 in Stealth
   443 | D:1      | Reached XP level 3. HP: 5/16 MP: 8/8
  1122 | D:2      | Reached XP level 4. HP: 21/21 MP: 9/9
  1445 | D:2      | Identified a scroll of acquirement
  1547 | D:3      | Reached skill level 6 in Stealth
  1625 | D:3      | Killed from afar by an orc priest

Illustrated notes

Levels and vault maps discovered:
D:1:      dpeg_arrival_central, layout_rooms
D:2:      layout_loops_ring, kennysheep_generic_room_13
D:3:      layout_loops_ring, mainiacjoe_overflow_boulevard,
          cheibrodos_sewer_entry_drain, grunt_ministairs_13

Skill      XL: |  1  2  3  4 |
---------------+-------------+-----
Dodging        | 3 |  3.6
Spellcasting   | 3 |  3.4
Stealth        | 5 6 |  6.1
Hexes          | 4 |  4.3
Short Blades   | 2 |  2.1

Action                   |  1- 3 |  4- 6 || total
-------------------------+-------+-------++-------
Melee: Dagger            |   172 |    72 ||   244
  Use: Potion            |     5 |     1 ||     6
       Scroll            |     6 |     2 ||     8
 Stab: Sleeping          |    18 |     6 ||    24
       Invisible         |     3 |       ||     3
Armor: Robe              |    19 |     6 ||    25
Dodge: Dodged            |   188 |    56 ||   244

Table legend: (Time is in decaauts)
 A = Elapsed time spent in this place.
 B = Non-inter-level travel time spent in this place.
 C = Inter-level travel time spent in this place.
 D = Time resting spent in this place.
 E = Time spent auto-exploring this place.
 F = Levels seen in this place.
 G = Mean time per level.
                   A        B        C        D        E       F      G
               +--------+--------+--------+--------+--------+-----+--------+
         Total |   1152 |   1129 |     23 |      0 |    731 |   3 |  384.0 |
       Dungeon |   1152 |   1129 |     23 |      0 |    731 |   3 |  384.0 |
               +--------+--------+--------+--------+--------+-----+--------+

Top non-repeatable levels by time:
     D:2: 546 daAuts
     D:1: 474 daAuts
     D:3: 131 daAuts
